 Dungeon Crawl Stone Soup version 0.29-a0-732-g3d7fbe0af2 (webtiles) character file.

Game seed: 14191775792545115430

2462 MrPompon the Basher (level 9, -2/72 HPs)
             Began as a Palentonga Abyssal Knight on June 29, 2022.
             Was an Elder of Lugonu.
             Slain by a two-headed ogre
             ... wielding a +0 giant spiked club
              (15 damage)
             ... on level 8 of the Dungeon.
             The game lasted 01:04:53 (8501 turns).

MrPompon the Basher (Palentonga Abyssal Knight)     Turns: 8501, Time: 01:04:54

Health: -2/72      AC: 19    Str: 19    XL:     9   Next: 26%
Magic:  11/11      EV: 10    Int: 11    God:    Lugonu [****..]
Gold:   383        SH:  0    Dex: 12    Spells: 7/8 levels left

rFire   . . .      SeeInvis +   e - +4 quarterstaff (chaos)
rCold   . . .      Faith    .   (shield currently unavailable)
rNeg    . . .      Spirit   .   I - +1 robe of Duty {rPois}
rPois   +          Reflect  .   g - +2 helmet
rElec   .          Harm     .   u - +1 cloak
rCorr   .          Rampage  .   P - +1 pair of gloves
Will    .....                   (no barding)
Stlth   ++........              (no amulet)
HPRegen 0.22/turn               d - ring of see invisible
MPRegen 0.12/turn               (no ring)

@: curled up
A: large, rugged brown scales 3, see invisible, deformed body, roll 1, armoured
tail, reflexive curl
a: Rolling Charge, Renounce Religion, Depart the Abyss, Bend Space, Banish,
Corrupt


You were on level 8 of the Dungeon.
You worshipped Lugonu.
Lugonu was greatly pleased with you.
You visited 2 branches of the dungeon, and saw 9 of its levels.
You visited the Abyss 1 time.

You collected 383 gold pieces.

Inventory:

Hand Weapons
 a - a +1 spear
 b - a +3 falchion
 c - a +4 whip of venom
 e - a +4 quarterstaff of chaos (weapon)
 h - a +4 war axe
 l - a +3 short sword of electrocution
 C - a +4 mace
 D - a +0 war axe of freezing
 G - a +2 dagger of venom
 J - a +2 rapier of speed
 L - a +2 whip of chaos
 M - a +0 short sword of chaos
 T - a +0 shortbow
 V - a +3 dagger
 W - a +2 mace of holy wrath
 Y - a +1 dagger of flaming
Missiles
 j - 7 poisoned darts
 q - 2 curare-tipped darts
Armour
 g - a +2 helmet (worn)
 o - a +1 leather armour of cold resistance
 u - a +1 cloak (worn)
 F - a +0 chain mail
 I - the +1 robe of Duty (worn) {rPois}
   (You found it on level 4 of the Dungeon)

   rPois:     It protects you from poison.
 P - a +1 pair of gloves (worn)
Magical Staves
 R - a staff of poison
Jewellery
 d - a ring of see invisible (left hand)
Wands
 k - a wand of iceblast (5)
 X - a wand of polymorph (6)
Scrolls
 i - 4 scrolls of fog
 t - 3 scrolls of teleportation {unknown}
 x - 2 scrolls of poison
 y - a scroll of identify
 E - 2 scrolls of enchant weapon
 O - a scroll of blinking
 S - a scroll of fear {unknown}
 U - a scroll of magic mapping
Potions
 f - 2 potions of berserk rage {unknown}
 m - 2 potions of flight
 p - 3 potions of mutation
 r - 4 potions of lignification
 s - a potion of magic {unknown}
 v - a potion of cancellation {unknown}
 z - 2 potions of might {unknown}
 A - a potion of invisibility {unknown}
 B - a potion of heal wounds {unknown}
 K - 3 potions of brilliance {unknown}
 N - a potion of degeneration {unknown}


   Skills:
 + Level 5.2 Fighting
 + Level 9.5 Maces & Flails
 + Level 1.9 Polearms
 + Level 3.5 Armour
 + Level 3.6 Dodging
 + Level 1.6 Stealth
 + Level 2.7 Invocations
 + Level 0.3 Evocations


You had 7 spell levels left.
You knew the following spells:

 Your Spells              Type           Power      Damage    Failure   Level
a - Sandblast             Erth           0%         2d4       34%         1

Your spell library contained the following spells:

 Spells                   Type           Power      Damage    Failure   Level
 Freeze                   Ice            0%         1d3       34%         1
 Magic Dart               Conj           0%         1d3       34%         1
 Sting                    Tmut/Pois      0%         1d3       34%         1
 Passwall                 Tmut/Erth      0%         N/A       47%         2
 Poisonous Vapours        Pois/Air       0%         N/A       47%         2
 Searing Ray              Conj           0%         2d4       47%         2
 Sublimation of Blood     Necr           0%         N/A       47%         2
 Confusing Touch          Hex            0%         N/A       71%         3
 Frozen Ramparts          Ice            0%         1d2       71%         3
 Stone Arrow              Conj/Erth      0%         3d7       71%         3
 Fulminant Prism          Conj/Hex       0%         3d6       98%         4
 Hailstorm                Conj/Ice       0%         3d3       98%         4
 Iskenderun's Mystic Bla  Conj/Tloc      0%         2d3       98%         4
 Olgreb's Toxic Radiance  Pois           0%         N/A       98%         4
 Petrify                  Tmut/Erth      0%         N/A       98%         4
 Irradiate                Conj/Tmut      0%         3d13      100%        5
 Lee's Rapid Deconstruct  Erth           0%         3d5*      100%        5
 Yara's Violent Unravell  Hex/Tmut       0%         3d3       100%        5
 Enfeeble                 Hex            0%         N/A       100%        7
 Ozocubu's Refrigeration  Ice            0%         4d5       100%        7
 Ignition                 Fire           0%         3d3       100%        8


Dungeon Overview and Level Annotations

Branches:
Dungeon (8/15)             Temple (1/1) D:4
   Lair: D:8-11

Altars:
Ashenzari
Cheibriados
Dithmenos
Elyvilon
Fedhas
Gozag
Hepliaklqana
Kikubaaqudgha
Nemelex Xobeh
Qazlal
Ru
Trog
Uskayaw
Vehumet
Wu Jian
Xom
Yredelemnul
Zin
The Shining One

Annotations:
D:4 corrupted


Innate Abilities, Weirdness & Mutations

You are completely covered in rugged brown scales. (AC +3, +7% HP)
You have supernaturally acute eyesight. (SInv)
Armour fits poorly on your strangely shaped body.
You can roll at nearby foes to attack.
You have a long armoured tail.
You curl defensively after being hit. (AC +7*)


Message History

A white imp comes into view.
The white imp shouts!
A white imp is nearby!
The white imp gestures at you. The puff of frost misses you.
The white imp shouts, "Leave, thou pottle-deep onion-eyed tinkerer!"
You sock the white imp! You burn the white imp.
You kill the white imp!
Lugonu accepts your kill.
Done exploring.
There is a stone staircase leading down here.
You can't go up here!
You climb downwards.
You hear the roar of battle.
There is an entrance to a bailey on this level.
Hurry and find it before the portal closes forever!
The two-headed ogre shouts in stereo!
The yak bellows!
You hear a bellow! x4
You hear a shout!
You hear a bellow!
There is a stone staircase leading up here.
Okay, then.
You sock the two-headed ogre! You burn the two-headed ogre.
You tail-slap the two-headed ogre.
The two-headed ogre is moderately wounded.
You hit the two-headed ogre. You freeze the two-headed ogre.
The two-headed ogre is moderately wounded.
The two-headed ogre hits you with a +0 giant spiked club!
The two-headed ogre hits you with a +0 giant spiked club.
You barely miss the two-headed ogre.
The two-headed ogre is moderately wounded.
A death yak comes into view.
The two-headed ogre hits you with a +0 giant spiked club!!
The two-headed ogre hits you with a +0 giant spiked club!
* * * LOW HITPOINT WARNING * * *
Unknown command.
You feel better.
A yak comes into view.
A death yak comes into view.
The death yak gores you!
* * * LOW HITPOINT WARNING * * *
The two-headed ogre misses you.
The two-headed ogre hits you with a +0 giant spiked club!
You die...

... #..#
... ..# ..
#. .
#Y####....
#Y@O......
#.Y###.#..
.....
####.#.
....# ##Y
# Y #.


You could see 2 death yaks, a two-headed ogre and 3 yaks.

Vanquished Creatures
  Menkaure (D:5)
  2 water moccasins (D:7)
  Duvessa (D:7)
  An orc warrior (D:6)
  3 ice beasts (D:5)
  A centaur (D:5)
  3 ogres
  A black bear (D:5)
  2 scorpions (D:5)
  5 wights (D:7)
  Dowan (D:7)
  A jelly (D:5)
  3 orc priests
  A hound (D:6)
  Crazy Yiuf (D:7)
  7 orc wizards
  Natasha (thrice) (D:4)
  3 iguanas
  Ijyb (D:3)
  4 gnolls (D:3)
  7 adders
  2 shadow imps
  2 white imps
  3 worms (D:2)
  8 dart slugs
  41 orcs
  6 ball pythons
  2 bats
  8 endoplasms
  15 goblins
  12 hobgoblins
  3 jackals (D:3)
  11 kobolds
  2 quokkas (D:1)
  4 frilled lizards
  7 rats
178 creatures vanquished.

Vanquished Creatures (others)
  Eustachio (D:4)
  4 gnolls (D:4)
  An endoplasm (D:4)
  A quokka (D:4)
  A kobold (D:4)
8 creatures vanquished.

Grand Total: 186 creatures vanquished

Notes
Turn   | Place    | Note
-------+----------+-------------------------------------------
     0 | Abyss:1  | MrPompon the Palentonga Abyssal Knight began the quest for
                  | the Orb.
     0 | Abyss:1  | Reached XP level 1. HP: 19/19 MP: 2/2
     1 | D:1      | Escaped the Abyss
   278 | D:1      | Reached XP level 2. HP: 22/25 MP: 3/3
   635 | D:1      | Learned a level 1 spell: Sandblast
   675 | D:1      | Reached skill level 1 in Maces & Flails
   675 | D:1      | Reached XP level 3. HP: 27/31 MP: 4/4
   677 | D:1      | Reached skill level 1 in Dodging
  1860 | D:2      | Reached *** piety under Lugonu
  1994 | D:2      | Reached XP level 4. HP: 39/39 MP: 5/5
  2092 | D:2      | Reached skill level 2 in Maces & Flails
  2854 | D:3      | Noticed Ijyb
  2863 | D:3      | Reached skill level 3 in Maces & Flails
  2863 | D:3      | Reached XP level 5. HP: 34/44 MP: 6/6
  2863 | D:3      | Killed Ijyb
  3169 | D:3      | Reached **** piety under Lugonu
  3326 | D:3      | Reached XP level 6. HP: 47/51 MP: 7/7
  3331 | D:3      | Reached skill level 4 in Maces & Flails
  4026 | D:4      | Corrupted D:4
  4026 | D:4      | Noticed a chaos spawn
  4026 | D:4      | Noticed a ynoxinul
  4026 | D:4      | Noticed a thrashing horror
  4026 | D:4      | Noticed a large abomination
  4026 | D:4      | Noticed a thrashing horror
  4026 | D:4      | Noticed a ynoxinul
  4026 | D:4      | Noticed a thrashing horror
  4026 | D:4      | Noticed a golden eye
  4027 | D:4      | Noticed a small abomination
  4027 | D:4      | Noticed a thrashing horror
  4030 | D:4      | Noticed a neqoxec
  4037 | D:4      | Killed Eustachio
  4053 | D:4      | Identified the +1 robe of Duty {rPois}
  4066 | D:4      | Noticed a tormentor
  4073 | D:4      | Noticed a large abomination
  4202 | D:4      | Noticed Natasha
  4340 | D:4      | Found a large runed translucent door.
  4340 | D:4      | Found a large runed translucent door.
  4344 | D:4      | Found a staircase to the Ecumenical Temple.
  4527 | D:4      | Found a shimmering altar of Xom.
  4553 | D:4      | Killed Natasha
  4586 | D:4      | Noticed Natasha
  4594 | D:4      | Killed Natasha
  4597 | D:4      | Noticed Natasha
  4606 | D:4      | Killed Natasha
  4607 | D:4      | Reached skill level 5 in Maces & Flails
  4607 | D:4      | Gained mutation: You curl defensively after being hit. (AC
                  | +7*) [Palentonga growth]
  4607 | D:4      | Reached XP level 7. HP: 51/57 MP: 8/8
  4850 | Temple   | Entered the Ecumenical Temple
  4935 | D:5      | Entered Level 5 of the Dungeon
  5163 | D:5      | Reached skill level 6 in Maces & Flails
  5542 | D:5      | Noticed Menkaure
  5558 | D:5      | Killed Menkaure
  5559 | D:5      | Reached skill level 7 in Maces & Flails
  5559 | D:5      | Reached XP level 8. HP: 30/65 MP: 9/9
  5771 | D:5      | Reached skill level 1 in Stealth
  6134 | D:6      | Found a shimmering altar of Xom.
  6566 | D:6      | Reached skill level 8 in Maces & Flails
  7200 | D:7      | HP: 3/91 [wight/+0 morningstar (5)]
  7247 | D:7      | Reached XP level 9. HP: 16/70 MP: 11/11
  7574 | D:7      | Noticed Dowan
  7576 | D:7      | Noticed Duvessa
  7593 | D:7      | Killed Duvessa
  7594 | D:7      | Reached skill level 5 in Fighting
  7594 | D:7      | Reached skill level 9 in Maces & Flails
  7605 | D:7      | Killed Dowan
  8284 | D:7      | Found a runed translucent door.
  8285 | D:7      | Noticed Crazy Yiuf
  8292 | D:7      | Killed Crazy Yiuf
  8496 | D:8      | Noticed a two-headed ogre
  8499 | D:8      | Noticed a death yak
  8500 | D:8      | Noticed a death yak
  8501 | D:8      | Slain by a two-headed ogre

Illustrated notes

Levels and vault maps discovered:
D:1:      dpeg_arrival_houses_and_road, layout_basic, serial_glass,
          glass_columns_c, glass_columns_a, minmay_tall_x
D:2:      layout_rooms, kennysheep_generic_room_9
D:3:      layout_basic, minmay_ogre_servants, uniq_ijyb
D:4:      due_chaos_kobolds, layout_basic, minmay_temple_entry_crystal_x,
          uniq_eustachio, uniq_natasha
D:5:      layout_basic, nicolae_concentric_dashed_squares_wild, uniq_menkaure
D:6:      layout_basic, mainiacjoe_overflow_alcove_1
D:7:      layout_loops_ring, minivault_24, uniq_duvessa, uniq_crazy_yiuf_cottage
D:8:      layout_basic, mainiacjoe_overflow_six_doors_small, dpeg_lair_monsters,
          enter_bailey_6, chequers_serial_rivers_large_a, uniq_erica,
          uniq_joseph
Temple:   nicolae_temple_no_exploring_needed

Skill      XL: |  1  2  3  4  5  6  7  8  9 |
---------------+----------------------------+-----
Maces & Flails | 1 3 5 7 8 9 |  9.5
Dodging        | 1 2 3 |  3.6
Armour         | 2 3 |  3.5
Fighting       | 4 5 |  5.2
Stealth        | 1 |  1.6
Polearms       | |  1.9
Invocations    | |  2.7
Evocations     | |  0.3

Action                   |  1- 3 |  4- 6 |  7- 9 || total
-------------------------+-------+-------+-------++-------
Melee: Whip              |   109 |   156 |   267 ||   532
       Tailslap          |    10 |    15 |    36 ||    61
       Punch             |       |     2 |     5 ||     7
       Quarterstaff      |       |       |     4 ||     4
Invok: Corrupt           |       |     1 |       ||     1
 Abil: Rolling Charge    |     4 |     8 |    16 ||    28
Evoke: Wand              |       |       |     5 ||     5
  Use: Scroll            |     4 |     6 |     4 ||    14
       Potion            |     1 |       |     6 ||     7
Armor: Leather armour    |    19 |    30 |     6 ||    55
       Ring mail         |    14 |    39 |       ||    53
       Robe              |       |       |    76 ||    76
       Skin              |       |       |    16 ||    16
Dodge: Dodged            |    35 |    54 |    86 ||   175

Table legend: (Time is in decaauts)
 A = Elapsed time spent in this place.
 B = Non-inter-level travel time spent in this place.
 C = Inter-level travel time spent in this place.
 D = Time resting spent in this place.
 E = Time spent auto-exploring this place.
 F = Levels seen in this place.
 G = Mean time per level.
                   A        B        C        D        E       F      G
               +--------+--------+--------+--------+--------+-----+--------+
         Total |   8438 |   6268 |   2170 |   1893 |   2330 |  10 |  843.8 |
       Dungeon |   8387 |   6262 |   2125 |   1893 |   2330 |   8 | 1048.4 |
        Temple |     50 |      5 |     45 |      0 |      0 |   1 |   50.0 |
         Abyss |      1 |      1 |      0 |      0 |      0 |   1 |    1.0 |
               +--------+--------+--------+--------+--------+-----+--------+

Top non-repeatable levels by time:
     D:1: 1655 daAuts
     D:7: 1615 daAuts
     D:3: 1588 daAuts
     D:5: 1064 daAuts
     D:4: 878 daAuts
     D:6: 808 daAuts
     D:2: 771 daAuts
  Temple: 50 daAuts
     D:8: 4 daAuts
 Abyss:1: 1 daAuts
